[Event "Polish Youth G18 Championship 2023"]
[Site "Jastrzebia Gora"]
[Date "2023.03.14"]
[Round "4.1"]
[White "Starosta, Martyna"]
[Black "Skolska, Emilia"]
[Result "1-0"]
[ECO "A65"]
[WhiteElo "2138"]
[BlackElo "1586"]
[Annotator "TA"]
[PlyCount "75"]
[EventDate "2023.03.11"]
[EventType "swiss"]
[EventCountry "POL"]
[SourceTitle "playchess.com"]
[Source "ChessBase"]
[SourceQuality "1"]
[TimeControl "40/5400+30:1800+30"]

1. d4 Nf6 2. c4 c5 3. d5 e6 4. Nc3 exd5 5. cxd5 d6 6. e4 a6 7. a4 g6 8. f4 Bg7 9. Nf3 O-O 10. Bd3 Re8 {[%emt 0:02:04][%cal Of6e4] A68: Modern Benoni: Four Pawns Attack without 9...Re8.} 11. O-O $1 c4 12. Bc2 Bg4 {[%emt 0:01:54] White is slightly better.} 13. h3 Bxf3 14. Qxf3 Nbd7 15. Be3 {[%emt 0:04:23] [#]} b6 $146 ({Predecessor:} 15... Qa5 16. Rae1 b5 17. axb5 axb5 18. Ne2 b4 19. Bd4 Re7 {0-1 Zubritskiy,A (2442)-Khalifman,A (2617) EU-ch rapid Tallinn 2016 (4)}) 16. Rae1 Rb8 17. Bd4 Qc7 18. g4 (18. Kh1 $14) 18... b5 (18... Nxd5 $5 19. Bxg7 Nb4 $11) 19. axb5 axb5 20. Ne2 Re7 21. g5 Ne8 (21... Nh5 $11 {remains equal.}) 22. Kh1 {[%emt 0:01:16] White is more active.} Nc5 (22... Ra8 $14) 23. Bxg7 ({Better is} 23. f5 $16 {Bxg7 would be deadly.} Be5 24. f6) 23... Nxg7 $14 24. Nd4 Ree8 25. f5 Qd7 (25... Ra8 $14) 26. Nc6 $16 Rb7 (26... Rbc8 $16) 27. Re2 (27. f6 $18 {has better winning chances.} Nh5 28. e5) 27... Nh5 28. Rg2 ({White should try} 28. h4 $16) 28... Qc8 $14 29. Rg4 (29. Kh2 $16) 29... Nd7 $15 30. Rh4 (30. Qc3 $11) 30... Ne5 $1 31. Nxe5 Rxe5 32. Bd1 $1 Qe8 33. Rg1 b4 $2 {[%emt 0:03:16] [#]} (33... Rbe7 $17 34. Bc2 Qa8) 34. Qg2 $36 {[%emt 0:01:12][%mdl 2048] White is on the roll.} Rbe7 35. Bf3 ({White should play} 35. Bxh5 $16 {Threatens to win with fxg6.} Rxe4 36. Rxe4 Rxe4 37. Bf3) 35... c3 $11 36. f6 Rc7 {[%emt 0:00:22] White must now prevent ...c2.} 37. Bxh5 {[%emt 0:01:18] [#]} (37. bxc3 $1 $11 bxc3 38. Bxh5) 37... gxh5 $2 (37... c2 $1 $17 {[%cal Rc2c1] and life is bright.} 38. Rc1 Qa4) 38. Qf3 {[%emt 0:00:58] Weighted Error Value: White=0.36/Black=0.39} 1-0

[Event "Polish Youth G18 Championship 2023"]
[Site "Jastrzebia Gora"]
[Date "2023.03.14"]
[Round "4.2"]
[White "Barwinska, Ewa"]
[Black "Goraj, Barbara"]
[Result "0-1"]
[ECO "B67"]
[WhiteElo "1963"]
[BlackElo "2130"]
[Annotator "TA"]
[PlyCount "82"]
[EventDate "2023.03.11"]
[EventType "swiss"]
[EventCountry "POL"]
[SourceTitle "playchess.com"]
[Source "ChessBase"]
[SourceQuality "1"]
[TimeControl "40/5400+30:1800+30"]

1. e4 c5 2. Nf3 Nc6 3. d4 cxd4 4. Nxd4 Nf6 5. Nc3 d6 6. Bg5 e6 7. Qd2 a6 8. O-O-O Bd7 9. f4 b5 10. Bxf6 gxf6 11. Kb1 Qb6 12. Nxc6 Bxc6 13. f5 h5 {[%emt 0:02:58] B67: Sicilian: Richter-Rauzer: 7...a6 8 0-0-0 Bd7, lines without 9 f4 Be7.} 14. Qe1 O-O-O 15. Bd3 Qc5 {[%emt 0:10:02] White is slightly better.} 16. Rf1 Bg7 17. Qg3 Rdg8 {[%emt 0:05:25] [#]} 18. Qh3 $146 (18. Be2 {looks sharper.} Kc7 19. a3 Qe5 20. Qf2) ({Predecessor:} 18. Qh4 Kb8 19. Rf3 b4 20. Ne2 Rc8 21. c3 Bb7 22. cxb4 Qxb4 23. Ka1 Qa4 24. Qe1 {½-½ Moreira,C (1736)-Sherwood,R (1803) LSS SC-2010-0-00085}) 18... Qe5 19. Ne2 Bh6 {[%emt 0:04:20] [#]} (19... Kb8 $14) 20. Ng1 (20. fxe6 $1 $16 fxe6 21. Nd4) 20... Bd7 21. Nf3 Qc5 22. c3 (22. a3 {simplifies} e5 23. Qh4 Bg5 24. Nxg5 fxg5 25. Qe1) 22... Kd8 23. Nd4 (23. Qxh5 $6 Ke7 24. Ne1 Bg5 $11) 23... Ke7 (23... e5 $142) 24. Qf3 (24. Qxh5 Bf4 25. Qf3 Be5 $15) (24. fxe6 $16 fxe6 25. Qf3) 24... e5 $11 25. Nc2 a5 {[%emt 0:01:04] Inhibits Nb4.} 26. a3 (26. Qxh5 Rxg2 27. Qh3 Rgg8 $17) ({Better is} 26. Be2 $11) 26... Bc6 $15 27. g3 {[%emt 0:01:38] [#]} ({But not} 27. Qxh5 Rxg2 28. Qh3 Rgg8 $17) 27... h4 $1 28. g4 (28. gxh4 Bb7) 28... h3 {[%emt 0:00:37][%mdl 64] Deflection} 29. Qxh3 (29. Rfe1 $17) 29... Bf4 $19 30. Qf3 Rxh2 {[%emt 0:00:26] Black is more active. White is weak on the dark squares} (30... Bxh2 31. Rh1 $15) 31. Rh1 (31. Nd4 $17) 31... Rf2 32. Qh3 d5 33. exd5 (33. Rhe1) 33... Bxd5 ({Stronger than} 33... Qxd5 34. Rhe1 $19) 34. Rhe1 Bf3 {[%emt 0:02:59][%cal Of3g4][%mdl 64] Prevents Be4. Trapped Piece. A strong pair of Bishops.} 35. Be4 Bxd1 36. Rxd1 Rd8 {[%emt 0:03:17] Wards off Qd3} 37. Rxd8 Kxd8 38. Qd3+ Ke7 39. b4 axb4 40. Nxb4 (40. axb4 Qb6 41. Qd5) 40... Rd2 {[%emt 0:00:00] ( -> ...Qg1+)} 41. Qf1 {[%emt 0:02:32] Repels Qg1} Kd6 {[%emt 0:07:49] Excellently played by Goraj!   Weighted Error Value: White=0.54/Black=0.15 (very precise)} ({Inferior is} 41... Qxc3 42. Nd5+ Rxd5 43. Bxd5 $17) 0-1

[Event "Polish Youth G18 Championship 2023"]
[Site "Jastrzebia Gora"]
[Date "2023.03.14"]
[Round "4.3"]
[White "Zabrzanska, Weronika"]
[Black "Labedz, Gabriela"]
[Result "1-0"]
[ECO "B28"]
[WhiteElo "2021"]
[BlackElo "1425"]
[Annotator "TA"]
[PlyCount "79"]
[EventDate "2023.03.11"]
[EventType "swiss"]
[EventCountry "POL"]
[SourceTitle "playchess.com"]
[Source "ChessBase"]
[SourceQuality "1"]
[TimeControl "40/5400+30:1800+30"]

1. e4 c5 2. Nf3 a6 3. c3 d5 4. exd5 Qxd5 5. d4 e6 6. Be2 Nc6 {[%emt 0:01:25] B28: Sicilian: 2 Nf3 a6 (O'Kelly Variation).} 7. O-O cxd4 8. Nxd4 Nxd4 {[%emt 0:02:10] White is slightly better.} 9. cxd4 Nf6 10. Bf3 Qd8 11. Nc3 Be7 {[%emt 0:03:17] [#]} 12. Bf4 $146 ({Predecessor:} 12. Qb3 O-O 13. Rd1 Qc7 14. Be3 Rb8 15. Rac1 b5 16. d5 Bd6 17. Ne4 Qe7 18. Nxd6 Qxd6 19. Bc5 {1-0 Gantner,R-Jovicic,N Baden-ch HT1 2003 (8.3)}) 12... O-O 13. Rc1 Bd6 14. Bg5 h6 15. Bh4 g5 16. Bg3 Bxg3 17. fxg3 Rb8 18. Rc2 b5 19. Rcf2 b4 (19... Rb6 {is interesting.} 20. Bh5 Nxh5 21. Qxh5 Qxd4 22. Qxh6 Qg7) 20. Na4 Nd5 {[%emt 0:04:33] White must now prevent ...Ne3.} 21. Qe2 {[%emt 0:12:25] Wards off Ne3} Bd7 22. Bxd5 exd5 23. Nc5 (23. Qxa6 $142 Bb5 24. Qxh6 Bxf1 25. Rxf1) 23... Bb5 $11 24. Nd3 $1 Qb6 25. Qe5 Bxd3 $2 ({Black should play} 25... Qg6 $19 26. Nc5 Rfe8) 26. Rf6 $1 $15 Bxf1 27. Rxb6 Rxb6 28. Kxf1 {[%emt 0:00:15][%cal Oh2h4][%mdl 4096] Endgame KQ-KRR} Rd8 29. h4 $1 f6 $2 {[%emt 0:04:20] [#]} (29... Re6 $17 30. Qf5 Rde8) 30. Qc7 (30. Qf5 $142 $1) 30... Rbb8 (30... Rdd6 $142) 31. Qa7 {[%emt 0:03:14][%mdl 1024] White has strong compensation. White is more active.} Ra8 32. Qb6 a5 ({Black should try} 32... Kf7) 33. b3 (33. Qxf6 $2 {perishes.} Rf8 $19) ({But not} 33. hxg5 $6 hxg5 34. Qc7 (34. Qxf6 $2 Rf8 $19) 34... Re8 $11) (33. Qe6+ $16 Kg7 34. Qe7+ Kg8 35. Kg1 (35. Qxf6 $2 Rf8 $19)) 33... Kg7 ({Better is} 33... gxh4 $14 34. gxh4 Kf7) 34. Qb7+ Kg6 35. h5+ $1 {[%emt 0:03:25][%mdl 64] Decoy} Kxh5 $2 (35... Kf5 $16) 36. Qf7+ {[%emt 0:00:16] White mates.} Kg4 37. Qe6+ Kh5 {[%emt 0:00:11] [#]} 38. Qf5 $1 (38. Qxf6 {leads to mate.} Rf8) 38... Rac8 39. g4+ Kh4 40. Qf2+ {[%emt 0:00:00][%mdl 32768] Weighted Error Value: White=0.26 (precise) /Black=0.52. Loss on time!?} 1-0

[Event "Polish Youth G18 Championship 2023"]
[Site "Jastrzebia Gora"]
[Date "2023.03.14"]
[Round "4.4"]
[White "Jedrzejko, Martyna"]
[Black "Hertlein, Irena"]
[Result "0-1"]
[ECO "B19"]
[WhiteElo "1629"]
[BlackElo "1994"]
[Annotator "TA"]
[PlyCount "140"]
[EventDate "2023.03.11"]
[EventType "swiss"]
[EventCountry "POL"]
[SourceTitle "playchess.com"]
[Source "ChessBase"]
[SourceQuality "1"]
[TimeControl "40/5400+30:1800+30"]

1. e4 c6 2. d4 d5 3. Nd2 dxe4 4. Nxe4 Bf5 5. Ng3 Bg6 6. h4 h6 7. Nf3 Nd7 8. h5 Bh7 9. Bd3 Bxd3 10. Qxd3 e6 11. Bd2 Ngf6 12. O-O-O Be7 13. Kb1 Qb6 {[%emt 0:00:24] B19: Classical Caro-Kann: 4...Bf5 main line.} 14. c4 O-O 15. Ne4 c5 {[%emt 0:07:09] Black is slightly better.} 16. Bc3 cxd4 17. Bxd4 Qc6 18. Nxf6+ Bxf6 {[#]} 19. Qe2 $146 ({Predecessor:} 19. Rhe1 Rfe8 20. g4 Rac8 21. Bxf6 Nxf6 22. Ne5 Qc7 23. Qe3 a6 24. f4 Red8 25. Qe2 Nd7 26. Rxd7 Rxd7 27. Nxd7 Qxd7 28. Rd1 {½-½ Krejci,J (1616)-Jaracz,P (2476) CZE-chT rap Pardubice 2016 (7.1)}) 19... Rac8 20. b3 a5 21. g4 a4 22. Rhg1 (22. g5 $11 {remains equal.} hxg5 23. h6) 22... axb3 $17 23. axb3 {[%emt 0:00:09] [#]} e5 $1 24. Bb2 (24. Bxe5 $2 Rfe8 25. Rd5 Qe6 $19) 24... Nc5 25. Qe3 (25. Bxe5 $2 Rfe8 26. Nd4 (26. b4 $2 Ne4 $19) 26... Rxe5 $19) 25... Qb6 ({Better is} 25... Rfe8 $17 {White must now prevent ...e4.} 26. Rd5 e4) 26. Kc2 (26. g5 $11 hxg5 27. Nxg5) 26... Qb4 (26... e4 $17 27. Bxf6 {[%mdl 64] Remove Defender} Qxf6) 27. Ra1 {[%emt 0:03:23] [#]} (27. Qc3 $11 Qb6 28. Nxe5) 27... Nxb3 28. Qxb3 $11 Rxc4+ 29. Bc3 Rxc3+ 30. Qxc3 Qxc3+ 31. Kxc3 e4+ 32. Nd4 Rc8+ 33. Kb3 Bxd4 {[%emt 0:00:02][%mdl 4096] Endgame KRR-KRB} 34. Ra2 Rc3+ 35. Kb4 Rf3 36. Rg2 b6 37. Kc4 Bc5 38. Re2 e3 39. fxe3 Bxe3 40. Kb5 g6 41. Rc2 Bc5 42. Rce2 Kg7 43. Re8 Kf6 44. Rh8 Kg5 45. hxg6 fxg6 46. Re8 Rf6 47. Re5+ Kf4 48. Re1 {[%emt 0:01:25][%cal Og4g5] Hoping for g5!} Kg5 49. Re5+ Kf4 50. Re1 {[%emt 0:01:13][%cal Og4g5] aiming for g5!} Rd6 51. Rf1+ Kg5 52. Re1 Rd4 53. Re5+ Kf4 54. Re6 Kf3 55. Rh2 g5 56. Rf6+ Rf4 57. Rfxh6 Rxg4 58. R2h5 Rb4+ 59. Kc6 g4 60. Rf6+ Kg2 61. Kd5 Bf2 {[%emt 0:00:42] ( -> ...Rb5+)} 62. Re5 $2 {[%emt 0:09:14][%mdl 8192] [#] Loses the game.} (62. Rh7 $15) 62... Rb5+ $1 {[%emt 0:00:41] Black mates.} 63. Ke4 {[%emt 0:00:16] [#]} Rxe5+ $1 64. Kxe5 {[%emt 0:00:02] KR-KB} g3 65. Kf4 b5 66. Rf5 b4 67. Rb5 Kf1 68. Rxb4 g2 69. Rb1+ Be1 70. Kf3 g1=Q {Weighted Error Value: White=0.16 (very precise) /Black=0.14 (very precise)} ({Inferior is} 70... g1=B 71. Rxe1+ Kxe1 $11) 0-1

[Event "Polish Youth G18 Championship 2023"]
[Site "Jastrzebia Gora"]
[Date "2023.03.14"]
[Round "4.5"]
[White "Arciszewska, Zuzanna"]
[Black "Bukala, Weronika"]
[Result "1/2-1/2"]
[ECO "E16"]
[WhiteElo "1750"]
[BlackElo "1899"]
[Annotator "NA RC COMBH"]
[PlyCount "103"]
[EventDate "2023.03.11"]
[EventType "swiss"]
[EventCountry "POL"]
[SourceTitle "playchess.com"]
[Source "ChessBase"]
[SourceQuality "1"]
[TimeControl "40/5400+30:1800+30"]

1. d4 Nf6 2. Nf3 e6 3. c4 Bb4+ 4. Bd2 Qe7 5. e3 Bxd2+ 6. Nbxd2 d6 7. Bd3 e5 8. e4 O-O 9. O-O Nh5 10. Re1 Nf4 11. Bf1 Bg4 12. Qb3 b6 13. Qc3 Nd7 14. b4 a5 15. a3 axb4 16. axb4 Rxa1 17. Rxa1 exd4 18. Qxd4 Ne5 19. Qe3 Nxf3+ 20. Nxf3 Qf6 21. Ra3 Re8 22. Nd2 Qg5 23. f3 Bc8 24. g3 Nh3+ 25. Bxh3 Qxe3+ 26. Rxe3 Bxh3 27. Ra3 f5 28. Kf2 fxe4 29. Nxe4 Bf5 30. Ra7 Rc8 31. Ke3 Be6 32. Kd3 d5 33. cxd5 Bxd5 34. Kd4 Bb3 35. Ra3 Bf7 36. Ra7 Rd8+ 37. Ke5 Re8+ 38. Kd4 Rd8+ 39. Ke5 Rc8 40. Kd4 h6 41. Ke5 Re8+ 42. Kd4 Rd8+ 43. Ke5 Rd5+ 44. Kf4 Rb5 45. Rxc7 Rxb4 46. Ke5 Rb3 47. Rb7 b5 48. Nd6 Bc4 49. Nxc4 bxc4 50. Rc7 $11 Rxf3 51. Rxc4 Rf2 52. h4 1/2-1/2

[Event "Polish Youth G18 Championship 2023"]
[Site "Jastrzebia Gora"]
[Date "2023.03.14"]
[Round "4.6"]
[White "Nowak, Roksana"]
[Black "Mroz, Lena"]
[Result "1/2-1/2"]
[ECO "B28"]
[WhiteElo "1816"]
[BlackElo "1635"]
[Annotator "NA RC COMBH"]
[PlyCount "72"]
[EventDate "2023.03.11"]
[EventType "swiss"]
[EventCountry "POL"]
[SourceTitle "playchess.com"]
[Source "ChessBase"]
[SourceQuality "1"]
[TimeControl "40/5400+30:1800+30"]

1. e4 c5 2. Nf3 a6 3. c4 Nc6 4. Nc3 e5 5. d3 d6 6. Be3 g6 7. g3 Bg7 8. Bg2 Nge7 9. Qd2 O-O 10. Bh6 Nd4 11. Nxd4 exd4 12. Ne2 Nc6 13. Bxg7 Kxg7 14. f4 Qa5 15. Qxa5 Nxa5 16. Kd2 Bd7 17. Rhe1 Rae8 18. b3 Re7 19. Rab1 Nc6 20. Ng1 Rfe8 21. Nf3 a5 22. a3 Bg4 23. Nh4 f6 24. h3 Bd7 25. g4 Ra8 26. a4 Rae8 27. Rg1 Nd8 28. f5 g5 29. Nf3 h6 30. Rbf1 Rf7 31. Rh1 Rh8 32. h4 Rff8 33. Ng1 Bc6 34. Rh2 Nf7 35. Nf3 Ne5 36. Nxe5 dxe5 1/2-1/2

[Event "Polish Youth G18 Championship 2023"]
[Site "Jastrzebia Gora"]
[Date "2023.03.14"]
[Round "4.7"]
[White "Kucharska, Helena"]
[Black "Gaczol, Julia"]
[Result "1-0"]
[ECO "B23"]
[WhiteElo "1779"]
[BlackElo "1419"]
[Annotator "NA RC COMBH"]
[PlyCount "63"]
[EventDate "2023.03.11"]
[EventType "swiss"]
[EventCountry "POL"]
[SourceTitle "playchess.com"]
[Source "ChessBase"]
[SourceQuality "1"]
[TimeControl "40/5400+30:1800+30"]

1. e4 c5 2. Nc3 a6 3. a4 b6 4. Bc4 Bb7 5. d3 e6 6. Qe2 Be7 7. Ba2 Nc6 8. f4 d6 9. Nf3 Qc7 10. Be3 Nb4 11. Bb3 d5 12. exd5 exd5 13. d4 Nf6 14. a5 c4 15. axb6 Qxb6 16. Ba4+ Bc6 17. O-O Bxa4 18. Nxa4 Qe6 19. Ne5 Qf5 20. Rac1 Qe6 21. b3 Rc8 22. f5 Qd6 23. Bf4 Qd8 24. c3 Nd3 25. Nxd3 cxd3 26. Qxd3 a5 27. Qb5+ Kf8 28. Nb6 Rb8 29. Bxb8 Qxb8 30. c4 dxc4 31. Rxc4 Qb7 32. Rc8+ 1-0

[Event "Polish Youth G18 Championship 2023"]
[Site "Jastrzebia Gora"]
[Date "2023.03.14"]
[Round "4.8"]
[White "Czerwinska, Oliwia"]
[Black "Lukasik, Zuzanna"]
[Result "0-1"]
[ECO "B30"]
[WhiteElo "1369"]
[BlackElo "1781"]
[Annotator "NA RC COMBH"]
[PlyCount "106"]
[EventDate "2023.03.11"]
[EventType "swiss"]
[EventCountry "POL"]
[SourceTitle "playchess.com"]
[Source "ChessBase"]
[SourceQuality "1"]
[TimeControl "40/5400+30:1800+30"]

1. e4 c5 2. Nf3 Nc6 3. c3 Nf6 4. e5 Nd5 5. Bc4 Nb6 6. Bb3 e6 7. O-O d5 8. d4 Bd7 9. Be3 cxd4 10. cxd4 Be7 11. Nc3 O-O 12. Rc1 Na5 13. Bc2 g6 14. Bd3 a6 15. Qe2 Rc8 16. Nb1 Nbc4 17. b3 Nxe3 18. fxe3 Nc6 19. a3 Qb6 20. b4 Na7 21. Nc3 f5 22. Qb2 Qd8 23. Ne2 Qe8 24. Rxc8 Nxc8 25. Nc3 Nb6 26. Qb3 Bb5 27. Nxb5 axb5 28. Nd2 Qc6 29. Qc2 Bg5 30. Re1 Qxc2 31. Bxc2 Rc8 32. Bb3 Rc3 33. Kf2 h6 34. g3 Rd3 35. Rd1 Bxe3+ 36. Ke2 Rc3 37. Nf1 Rxb3 38. Nxe3 Rxa3 39. Rd2 Rxe3+ 40. Kxe3 Nc4+ 41. Kd3 Nxd2 42. Kxd2 g5 43. Ke3 Kg7 44. h3 Kg6 45. Kf3 Kh5 46. Kg2 f4 47. Kf3 fxg3 48. Kxg3 Kg6 49. Kg4 h5+ 50. Kg3 Kf5 51. Kf3 g4+ 52. hxg4+ hxg4+ 53. Kg3 Kg5 0-1

[Event "Polish Youth G18 Championship 2023"]
[Site "Jastrzebia Gora"]
[Date "2023.03.14"]
[Round "4.9"]
[White "Szczotka, Matylda"]
[Black "Krzyzosiak, Marta"]
[Result "1/2-1/2"]
[ECO "B72"]
[WhiteElo "1451"]
[BlackElo "1778"]
[Annotator "NA RC COMBH"]
[PlyCount "62"]
[EventDate "2023.03.11"]
[EventType "swiss"]
[EventCountry "POL"]
[SourceTitle "playchess.com"]
[Source "ChessBase"]
[SourceQuality "1"]
[TimeControl "40/5400+30:1800+30"]

1. e4 c5 2. Nf3 d6 3. d4 cxd4 4. Nxd4 Nf6 5. Nc3 g6 6. Be3 Bg7 7. Be2 O-O 8. O-O Nc6 9. h3 a5 10. Re1 a4 11. a3 Nxd4 12. Bxd4 Bd7 13. Bf3 Bc6 14. Qd3 Rb8 15. Nd5 e6 16. Nxf6+ Bxf6 17. Rad1 Qe7 18. Qc3 Bxd4 19. Rxd4 Rfd8 20. Red1 Rd7 21. Qb4 Rbd8 22. Be2 Qg5 23. Bf3 Qe5 24. R1d2 Qc5 25. Be2 Qe5 26. Bf3 h6 27. Rd1 Kh7 28. R1d2 Kg8 29. Rd1 Kh7 30. R1d2 Kg8 31. Rd1 Kh7 1/2-1/2

[Event "Polish Youth G18 Championship 2023"]
[Site "Jastrzebia Gora"]
[Date "2023.03.14"]
[Round "4.10"]
[White "Bychowska, Marta"]
[Black "Uliasz, Katarzyna"]
[Result "1/2-1/2"]
[ECO "E95"]
[WhiteElo "1388"]
[BlackElo "1670"]
[Annotator "NA RC COMBH"]
[PlyCount "74"]
[EventDate "2023.03.11"]
[EventType "swiss"]
[EventCountry "POL"]
[SourceTitle "playchess.com"]
[Source "ChessBase"]
[SourceQuality "1"]
[TimeControl "40/5400+30:1800+30"]

1. d4 Nf6 2. c4 g6 3. Nc3 Bg7 4. e4 d6 5. Nf3 O-O 6. Be2 Nbd7 7. O-O e5 8. Re1 a5 9. d5 Nc5 10. Qc2 Nh5 11. Nd2 Nf4 12. Nb3 Nxe2+ 13. Qxe2 b6 14. Nxc5 bxc5 15. a4 f5 16. f3 f4 17. Nb5 h5 18. Bd2 g5 19. h3 Bf6 20. Rf1 Rf7 21. Kf2 g4 22. Ke1 Bh4+ 23. Kd1 gxh3 24. gxh3 Rg7 25. Qh2 Bg3 26. Qg2 Bd7 27. Kc2 h4 28. Rh1 Qc8 29. Rag1 Rg6 30. b3 Kh7 31. Qf1 c6 32. dxc6 Qxc6 33. Bc3 Qb6 34. Bd2 Bxb5 35. cxb5 Ra7 36. Bc1 Rd7 37. Qd3 Rc7 1/2-1/2

[Event "Polish Youth G18 Championship 2023"]
[Site "Jastrzebia Gora"]
[Date "2023.03.14"]
[Round "4.11"]
[White "Lochina, Justyna"]
[Black "Bialek, Alicja"]
[Result "0-1"]
[ECO "B75"]
[WhiteElo "1645"]
[BlackElo "1576"]
[Annotator "NA RC COMBH"]
[PlyCount "80"]
[EventDate "2023.03.11"]
[EventType "swiss"]
[EventCountry "POL"]
[SourceTitle "playchess.com"]
[Source "ChessBase"]
[SourceQuality "1"]
[TimeControl "40/5400+30:1800+30"]

1. e4 c5 2. Nf3 d6 3. d4 cxd4 4. Nxd4 Nf6 5. Nc3 g6 6. Be3 Bg7 7. f3 a6 8. Qd2 h5 9. Bc4 b5 10. Bb3 Bb7 11. a4 bxa4 12. Bxa4+ Nbd7 13. O-O Qc7 14. Rfd1 O-O 15. Kh1 Kh7 16. Qf2 Nc5 17. Nde2 Nxa4 18. Rxa4 Bc6 19. Ra3 Rfb8 20. b3 Rc8 21. Ra2 Qb7 22. Bd4 e5 23. Be3 d5 24. exd5 Nxd5 25. Nxd5 Bxd5 26. Nc1 Rc3 27. Qd2 Bxf3 28. Qxc3 Bxd1 29. Qd2 Bg4 30. h3 Bxh3 31. Ra4 Rd8 32. Qf2 Bf5 33. Qe2 Bc8 34. Nd3 Qe7 35. Nc5 Bg4 36. Qf2 Rd1+ 37. Kh2 f5 38. Rxa6 e4 39. Re6 Be5+ 40. g3 Qh4+ 0-1

[Event "Polish Youth G18 Championship 2023"]
[Site "Jastrzebia Gora"]
[Date "2023.03.14"]
[Round "4.12"]
[White "Bartoszek, Julia"]
[Black "Bugaj, Hanna"]
[Result "0-1"]
[ECO "B00"]
[WhiteElo "1344"]
[BlackElo "1639"]
[Annotator "NA RC COMBH"]
[PlyCount "122"]
[EventDate "2023.03.11"]
[EventType "swiss"]
[EventCountry "POL"]
[SourceTitle "playchess.com"]
[Source "ChessBase"]
[SourceQuality "1"]
[TimeControl "40/5400+30:1800+30"]

1. e4 Nc6 2. d4 d5 3. e5 f6 4. exf6 Nxf6 5. Nf3 Bg4 6. Be2 Bxf3 7. Bxf3 e5 8. dxe5 Nxe5 9. Qe2 Qe7 10. O-O Nxf3+ 11. Qxf3 O-O-O 12. Bg5 Qe5 13. Bxf6 gxf6 14. c3 Bd6 15. g3 h5 16. h4 f5 17. Nd2 f4 18. Rae1 Qg7 19. Kh2 Rdf8 20. Qg2 Rhg8 21. Rg1 Qg4 22. Ref1 fxg3+ 23. fxg3 Qxh4+ 24. Qh3+ Qxh3+ 25. Kxh3 Rxf1 26. Nxf1 Kd7 27. Rg2 c5 28. Rf2 Ke6 29. Re2+ Be5 30. Kh4 Rh8 31. Nd2 Kd6 32. Rf2 Rg8 33. Rf3 Rg4+ 34. Kh3 b5 35. Nf1 d4 36. cxd4 cxd4 37. Rf5 d3 38. Rf2 Kc5 39. Rf5 Kd6 40. Rf3 Rd4 41. Nd2 a5 42. Rf8 Ra4 43. Rd8+ Kc6 44. b3 Rxa2 45. Rxd3 a4 46. bxa4 bxa4 47. Kh4 Rc2 48. Kxh5 Bxg3 49. Rd8 Kb5 50. Nb1 Rc5+ 51. Kg4 Bc7 52. Rd3 Ba5 53. Kf3 Kc4 54. Ra3 Kb4 55. Rd3 Rc1 56. Na3 Rc3 57. Rxc3 Kxc3 58. Ke2 Bb4 59. Nb5+ Kc4 60. Na7 a3 61. Kd1 a2 0-1

[Event "Polish Youth G18 Championship 2023"]
[Site "Jastrzebia Gora"]
[Date "2023.03.14"]
[Round "4.13"]
[White "Krzyzosiak, Anna"]
[Black "Kaznowska, Kinga"]
[Result "1-0"]
[ECO "C42"]
[WhiteElo "1503"]
[BlackElo "1352"]
[Annotator "NA RC COMBH"]
[PlyCount "65"]
[EventDate "2023.03.11"]
[EventType "swiss"]
[EventCountry "POL"]
[SourceTitle "playchess.com"]
[Source "ChessBase"]
[SourceQuality "1"]
[TimeControl "40/5400+30:1800+30"]

1. e4 e5 2. Nf3 Nf6 3. Nxe5 d6 4. Nf3 Nxe4 5. d4 Nc6 6. d5 Ne5 7. Bb5+ Bd7 8. Qe2 Qe7 9. Nxe5 Qxe5 10. Bxd7+ Kxd7 11. Qb5+ Kd8 12. O-O Nc5 13. Nc3 Be7 14. Be3 a6 15. Qb4 Kc8 16. Rfe1 a5 17. Qb5 Qf6 18. Rad1 Nd7 19. Bd4 Ne5 20. Re3 Bd8 21. Ne4 Qf5 22. Bxe5 dxe5 23. d6 c6 24. Qb3 b6 25. d7+ Kc7 26. Nd6 Qh5 27. f3 Rf8 28. Qc3 Bf6 29. Ne8+ Kb7 30. Rd6 c5 31. Nxf6 gxf6 32. Qb3 Kc7 33. Qxb6# 1-0

[Event "Polish Youth G18 Championship 2023"]
[Site "Jastrzebia Gora"]
[Date "2023.03.14"]
[Round "4.14"]
[White "Anyz, Monika"]
[Black "Samol, Julia"]
[Result "1-0"]
[ECO "C55"]
[WhiteElo "1755"]
[BlackElo "1374"]
[Annotator "NA RC COMBH"]
[PlyCount "73"]
[EventDate "2023.03.11"]
[EventType "swiss"]
[EventCountry "POL"]
[SourceTitle "playchess.com"]
[Source "ChessBase"]
[SourceQuality "1"]
[TimeControl "40/5400+30:1800+30"]

1. e4 e5 2. Nf3 Nc6 3. d4 exd4 4. Bc4 Nf6 5. e5 d5 6. Bb5 Ne4 7. Nxd4 Bc5 8. Bxc6+ bxc6 9. O-O O-O 10. Be3 Bb6 11. Nxc6 Qd7 12. Qxd5 Qxd5 13. Ne7+ Kh8 14. Nxd5 Bxe3 15. Nxe3 Rb8 16. b3 Rd8 17. f3 Nc5 18. Nc3 Be6 19. Rad1 a6 20. Kf2 Kg8 21. Ncd5 Rd7 22. Nf4 Rbd8 23. b4 Na4 24. Nxe6 fxe6 25. Rxd7 Rxd7 26. Rd1 Rxd1 27. Nxd1 Kf7 28. Ke3 Ke7 29. c4 Nb6 30. Kd4 Nd7 31. Nc3 Kd8 32. Na4 Nb8 33. b5 axb5 34. cxb5 Ke7 35. Nc5 c6 36. b6 h5 37. a4 1-0

[Event "Polish Youth G18 Championship 2023"]
[Site "Jastrzebia Gora"]
[Date "2023.03.14"]
[Round "4.15"]
[White "Obrochta, Lena"]
[Black "Olszewska, Wiktoria"]
[Result "1-0"]
[ECO "B58"]
[WhiteElo "1673"]
[BlackElo "1287"]
[Annotator "NA RC COMBH"]
[PlyCount "59"]
[EventDate "2023.03.11"]
[EventType "swiss"]
[EventCountry "POL"]
[SourceTitle "playchess.com"]
[Source "ChessBase"]
[SourceQuality "1"]
[TimeControl "40/5400+30:1800+30"]

1. e4 c5 2. Nf3 d6 3. d4 cxd4 4. Nxd4 Nf6 5. Nc3 Nc6 6. Be2 Bd7 7. Nb3 a6 8. a4 e6 9. f4 Be7 10. O-O O-O 11. Kh1 Rc8 12. a5 Nb4 13. Bd3 Qe8 14. Be3 Nxd3 15. cxd3 Bc6 16. Nd4 d5 17. e5 Nd7 18. Rf3 Bc5 19. Rg3 Kh8 20. Qg4 Rg8 21. Rh3 Nf8 22. Nce2 Bb5 23. Bd2 Bxd4 24. Nxd4 Qe7 25. Re1 Qc5 26. Bc3 b6 27. f5 exf5 28. Nxf5 Rc6 29. Bb4 Qc2 30. Bxf8 1-0